 Dungeon Crawl Stone Soup version 0.23-a0-767-gdc19b93 (webtiles) character file.

69686 nono the Fighter (level 15, -5/137 HPs)
             Began as a Ghoul Fighter on Jan 19, 2019.
             Was a High Priest of Okawaru.
             Slain by an orc warlord
             ... wielding a +2 war axe of holy wrath
              (19 damage)
             ... on level 2 of the Orcish Mines.
             The game lasted 00:54:52 (17611 turns).

nono the Fighter (Ghoul Fighter)                   Turns: 17611, Time: 00:54:52

Health: -5/137     AC: 16    Str: 20    XL:     15   Next: 30%
Magic:  15/18      EV: 11    Int:  7    God:    Okawaru [*****.]
Gold:   1816       SH: 12    Dex:  5    Spells: 14/14 levels left

rFire    + + .     SeeInvis +     - Unarmed
rCold    . . .     Gourm    .   b - +0 shield
rNeg     + + +     Faith    .   c - +0 fire dragon scales
rPois    ∞         Spirit   .   R - +1 helmet "Acliw" {rPois rN+ MR+++ Str-2}
rElec    +         Reflect  .   D - scarf {repulsion}
rCorr    .         Harm     .   (no gloves)
MR       ++++.                  s - +0 pair of boots "Cunougros" {rElec rPois MR- Dex-4}
Stlth    ..........             (no amulet)
HPRegen  0.00/turn              H - ring of protection from magic
MPRegen  0.16/turn              o - ring of see invisible

@: finesse, rotting, studying Shields, repel missiles
A: rotting body, claws 1, carnivore, cold resistance 1, negative energy
resistance 3, inhibited regeneration, torment resistance, unbreathing
a: Heroism, Finesse, Renounce Religion


You were on level 2 of the Orcish Mines.
You worshipped Okawaru.
Okawaru was extremely pleased with you.
You were not hungry.

You visited 4 branches of the dungeon, and saw 21 of its levels.

You collected 1924 gold pieces.
You spent 108 gold pieces at shops.

Inventory:

Missiles
 F - a throwing net (quivered)
 P - 9 curare-tipped needles
Armour
 a - a +0 scale mail
 b - a +0 shield (worn)
 c - +0 fire dragon scales (worn)
 n - a +0 cloak
 p - a +0 plate armour
 s - the +0 pair of boots "Cunougros" (worn) {rElec rPois MR- Dex-4}
   (Okawaru gifted it to you on level 6 of the Lair of Beasts)

   It affects your dexterity (-4).
   It insulates you from electricity.
   It protects you from poison.
   It affects your resistance to hostile enchantments.
 u - a +1 pair of boots
 A - a +0 chain mail
 D - a scarf of repulsion (worn)
 R - the +1 helmet "Acliw" (worn) {rPois rN+ MR+++ Str-2}
   (Okawaru gifted it to you on level 4 of the Lair of Beasts)

   It affects your strength (-2).
   It protects you from poison.
   It protects you from negative energy.
   It affects your resistance to hostile enchantments.
 X - the +0 helmet "Fala" {rC+ Dex+3 Stlth+}
   (Okawaru gifted it to you on level 12 of the Dungeon)

   It affects your dexterity (+3).
   It protects you from cold.
   It makes you more stealthy.
Jewellery
 o - a ring of see invisible (right claw)
 v - a +4 ring of strength
 C - a +4 ring of intelligence
 H - a ring of protection from magic (left claw)
 K - an uncursed ring of resist corrosion
 M - an uncursed ring of protection from cold
 O - an uncursed ring of stealth
Wands
 q - a wand of acid (18)
 t - a wand of flame (20)
 G - a wand of enslavement (25)
 J - a wand of iceblast (6)
 Q - a wand of scattershot (6)
Scrolls
 f - 2 scrolls of noise
 g - 7 scrolls of teleportation
 i - a scroll of torment
 k - 6 scrolls of magic mapping
 l - 15 scrolls of remove curse
 r - 3 scrolls of enchant armour
 w - 4 scrolls of fog
 y - 4 scrolls of enchant weapon
 I - a scroll of fear
 L - 2 scrolls of random uselessness {unknown}
 N - 3 scrolls of acquirement
 S - 4 scrolls of immolation {unknown}
 V - 3 scrolls of identify
Potions
 e - a potion of cancellation
 h - 9 potions of curing
 j - 2 potions of brilliance
 m - 2 potions of ambrosia
 z - 5 potions of flight
 B - 2 potions of agility
 E - a potion of resistance
Books
 T - a manual of Shields
Comestibles
 d - 50 rations
 W - 8 chunks of flesh


   Skills:
 + Level 13.6 Fighting
 + Level 11.8 Armour
 - Level 7.8 Dodging
 + Level 12.3 Shields
 + Level 13.4 Unarmed Combat
 - Level 6.2 Invocations


You had 14 spell levels left.
You didn't know any spells.
Your spell library contained the following spells:

 Spells                   Type           Power        Failure   Level  Hunger
 Sandblast                Erth           #.....       87%         1    ##.....
 Sting                    Conj/Pois      #...         87%         1    ##.....
 Passwall                 Tmut/Erth      #.......     95%         2    ###....
 Poisonous Vapours        Pois/Air       #.....       95%         2    ###....
 Mephitic Cloud           Conj/Pois/Air  #.......     99%         3    ####...
 Stone Arrow              Conj/Erth      #.....       99%         3    ####...
 Olgreb's Toxic Radiance  Pois           #.......     100%        4    #####..
 Petrify                  Tmut/Erth      #.......     100%        4    #####..
 Lee's Rapid Deconstruct  Erth           #.........   100%        5    ######.
 Venom Bolt               Conj/Pois      #.........   100%        5    ######.


Dungeon Overview and Level Annotations

Branches:
Dungeon (12/15)            Temple (1/1) D:5            Lair (6/6) D:9
  Swamp (0/4) Lair:2        Snake (0/4) Lair:3        Slime (0/5) Lair:5
    Orc (2/2) D:12            Elf (0/3) Orc:2

Altars:
Ashenzari
Cheibriados
Elyvilon
Fedhas
Gozag
Hepliaklqana
Makhleb
Nemelex Xobeh
Okawaru
Ru
Trog
Uskayaw
Vehumet
Wu Jian
Xom
Yredelemnul
Zin
The Shining One
Beogh

Shops:
D:4 [(


Innate Abilities, Weirdness & Mutations

Your body is rotting away.
You thrive on raw meat.
You are immune to poison.
You have sharp fingernails.
You are carnivorous and can eat meat at any time.
Your flesh is cold resistant. (rC+)
You are immune to negative energy. (rN+++)
You do not regenerate when monsters are visible.
You are immune to unholy pain and torment.
You can survive without breathing.


Message History

The orc warrior looks frightened! x2; The orc looks frightened!
The orc wizard no longer looks unusually strong.
Cornered, the orc wizard turns to fight!
The orc warlord hits you but does no damage.
You scratch the orc wizard.
The orc wizard is heavily wounded.
An orc wizard comes into view. It is wielding a +0 dagger.
Unknown command.
You scratch the orc wizard but do no damage.
The orc wizard is heavily wounded.
You block the orc wizard's attack.
Unknown command.
You claw the orc warlord!
The orc warlord is moderately wounded.
The orc wizard gestures wildly while chanting.
The orc wizard flickers and vanishes for a moment.
The orc warlord hits you with a +2 war axe of holy wrath!
* * * LOW HITPOINT WARNING * * *
You convulse!!
You die...

...##.....### ####....##
#.#.....<.#.####.#.....#.
##o..o.......#.#......)..
....$.......###.......)).
.oo.....o..o#.#..........
#o)...o............
##.)o............#.
##o)..........####.
#o@).........##.#..
##)..........##....
..................#.....
.........o#.............
##.......##...#........#
#........#...........#
##.$.....##.##...>...
###...###### ...#.# ##.##


You could see an orc warlord, 2 orc warriors, 2 orc wizards and 3 orcs.

Vanquished Creatures
  Kirke (Lair:5)
  An orc warlord (Orc:1)
  The ghost of XanderDroid the Severer, a journeyman MiBe of Trog (Lair:2)
  The ghost of Goofits the Unseen, a journeyman HaGl of Dithmenos (Lair:5)
  Nessos (D:12)
  A fire dragon (Lair:6)
  7 hydras
  A catoblepas (Lair:6)
  5 death yaks (Lair:6)
  2 tengu warriors (D:12)
  Sonja (Lair:5)
  An unseen horror (D:10)
  The ghost of Dung the Covered, a novice FoVM of Cheibriados (D:7)
  A lindwurm (Lair:6)
  An orc knight (Orc:1)
  3 orc sorcerers
  An oklob plant (Lair:4)
  2 ugly things (D:12)
  A cyclops (D:12)
  13 elephants
  5 black mambas
  10 spiny frogs
  Joseph (Lair:1)
  3 molten gargoyles (Lair:6)
  7 komodo dragons
  2 rime drakes
  4 trolls
  A queen bee (D:10)
  A hornet (Lair:5)
  Grinder (D:3)
  A bog body (Lair:2)
  2 polar bears
  21 blink frogs
  9 hippogriffs
  A spriggan (Lair:5)
  2 wyverns
  67 yaks
  11 basilisks
  2 steam dragons (Lair:6)
  Menkaure (D:7)
  A warg (Orc:2)
  5 nagas (Lair:3)
  5 hell hounds (Lair:6)
  11 water moccasins
  16 porcupines
  21 orc warriors
  2 black bears
  A sky beast (D:5)
  6 ice beasts
  4 phantoms
  A boggart (Lair:5)
  12 ogres
  5 centaurs
  16 wolves
  11 crocodiles
  3 big kobolds (D:12)
  16 bullfrogs
  2 gnoll sergeants (D:12)
  2 scorpions
  A water moccasin skeleton (D:7)
  42 killer bees
  3 electric eels (Lair:3)
  2 howler monkeys (D:4)
  2 crimson imps
  A centaur zombie (D:5)
  4 lava snakes (Lair:6)
  2 bullfrog skeletons
  21 orc wizards
  14 orc priests
  4 centaur skeletons
  4 hounds
  7 jellies
  An iguana (D:7)
  Natasha (thrice) (D:4)
  9 worker ants
  A hound zombie (D:5)
  2 worker ant zombies
  9 gnolls
  14 adders
  4 shadow imps
  4 oozes
  An adder zombie (D:5)
  3 worms
  A dart slug (D:1)
  3 leopard geckos
  79 orcs
  5 giant cockroaches
  8 goblins
  19 hobgoblins
  9 jackals
  9 kobolds
  6 quokkas
  12 bats
  3 frilled lizards (D:1)
  A leopard gecko skeleton (D:4)
  A quokka skeleton (D:5)
  A quokka zombie (D:5)
  3 rats
  A fungus (Lair:1)
657 creatures vanquished.

Vanquished Creatures (collateral kills)
  A spriggan (Lair:5)
  2 orcs (Orc:1)
3 creatures vanquished.

Vanquished Creatures (others)
  A blink frog (Lair:5)
  2 hogs (Lair:5)
  An orc warrior (Orc:1)
  2 wolves (Lair:5)
  An electric eel (Lair:2)
  An orc (Orc:2)
  4 fungi
  18 plants
30 creatures vanquished.

Grand Total: 690 creatures vanquished

Notes
Turn   | Place    | Note
-------+----------+-------------------------------------------
     0 | D:1      | nono the Ghoul Fighter began the quest for the Orb.
     0 | D:1      | Reached XP level 1. HP: 19/19 MP: 0/0
   202 | D:1      | Reached XP level 2. HP: 26/26 MP: 1/1
   961 | D:2      | Reached XP level 3. HP: 25/31 MP: 2/2
  1833 | D:3      | Noticed Grinder
  1846 | D:3      | Paralysed by Grinder for 3 turns
  1849 | D:3      | Killed Grinder
  1849 | D:3      | Reached XP level 4. HP: 9/41 MP: 3/3
  1849 | D:3      | Reached XP level 5. HP: 10/47 MP: 4/4
  1849 | D:3      | Reached XP level 6. HP: 11/53 MP: 5/5
  1904 | D:3      | Found a faded altar of an unknown god.
  2567 | D:4      | Reached skill level 5 in Fighting
  2642 | D:4      | Reached XP level 7. HP: 54/61 MP: 6/6
  2654 | D:4      | Found Hotuilie's Weapon Shop.
  2931 | D:4      | Noticed Natasha
  2943 | D:4      | Killed Natasha
  2978 | D:4      | Noticed Natasha
  2987 | D:4      | Killed Natasha
  3130 | D:4      | Found Syxtumeg's Antique Armour Boutique.
  3135 | D:4      | Bought a pair of boots for 108 gold pieces
  3266 | D:4      | Noticed Natasha
  3282 | D:4      | Killed Natasha
  3287 | D:5      | Entered Level 5 of the Dungeon
  3323 | D:5      | Reached skill level 5 in Unarmed Combat
  3369 | D:5      | Reached XP level 8. HP: 59/70 MP: 7/7
  3409 | D:5      | Reached skill level 5 in Armour
  3419 | D:5      | Found a staircase to the Ecumenical Temple.
  3436 | Temple   | Entered the Ecumenical Temple
  3504 | Temple   | Became a worshipper of Warmaster Okawaru
  3680 | D:5      | Reached skill level 5 in Shields
  4687 | D:7      | Reached * piety under Okawaru
  4778 | D:7      | Reached XP level 9. HP: 78/78 MP: 8/8
  4866 | D:7      | Noticed Menkaure
  4874 | D:7      | Killed Menkaure
  4900 | D:7      | Found a runed door.
  4905 | D:7      | Noticed Dung's ghost (novice FoVM)
  5018 | D:7      | Killed Dung's ghost
  5018 | D:7      | Reached ** piety under Okawaru
  5581 | D:8      | Reached *** piety under Okawaru
  5759 | D:8      | Reached XP level 10. HP: 89/89 MP: 9/9
  6333 | D:9      | Found a staircase to the Lair.
  6354 | Lair:1   | Entered Level 1 of the Lair of Beasts
  6360 | Lair:1   | Noticed a spiny frog
  6366 | Lair:1   | Noticed Joseph
  6371 | Lair:1   | Killed a spiny frog
  6379 | Lair:1   | Killed Joseph
  6379 | Lair:1   | Received a gift from Okawaru
  6394 | Lair:1   | Noticed a spiny frog
  6399 | Lair:1   | Killed a spiny frog
  6440 | Lair:1   | Noticed a spiny frog
  6456 | Lair:1   | HP: 2/91 [rime drake/flash freeze (14)]
  6948 | D:9      | Reached **** piety under Okawaru
  7066 | D:9      | Reached XP level 11. HP: 95/97 MP: 10/10
  7629 | D:9      | Found a basalt altar of Yredelemnul.
  7638 | D:9      | Found a blossoming altar of Fedhas.
  7795 | Lair:1   | Reached ***** piety under Okawaru
  7795 | Lair:1   | Reached skill level 10 in Fighting
  7879 | Lair:1   | Reached skill level 1 in Invocations
  7957 | Lair:1   | Noticed a four-headed hydra
  7967 | Lair:1   | Killed a four-headed hydra
  7967 | Lair:1   | Reached skill level 10 in Unarmed Combat
  7970 | Lair:1   | Received a gift from Okawaru
  8842 | Lair:2   | Found a staircase to the Swamp.
  8852 | Lair:2   | Reached XP level 12. HP: 88/108 MP: 13/13
  9125 | Lair:2   | Noticed XanderDroid's ghost (journeyman MiBe)
  9127 | Lair:2   | Found a transporter.
  9129 | Lair:2   | Found a transporter.
  9151 | Lair:2   | Identified a scroll of acquirement
  9843 | Lair:3   | Received a gift from Okawaru
  9958 | Lair:3   | Reached skill level 5 in Invocations
  9982 | Lair:3   | Noticed a seven-headed hydra
  9993 | Lair:3   | Killed a seven-headed hydra
 10127 | Lair:3   | Reached ****** piety under Okawaru
 10127 | Lair:3   | Reached skill level 10 in Armour
 10407 | Lair:3   | Found a staircase to the Snake Pit.
 10706 | Lair:3   | Reached XP level 13. HP: 99/116 MP: 16/16
 10750 | Lair:4   | Reached skill level 10 in Shields
 11150 | Lair:4   | Received a gift from Okawaru
 11153 | Lair:4   | Got a heavily runed helmet {god gift}
 11159 | Lair:4   | Identified the +1 helmet "Acliw" {rPois rN+ MR+++ Str-2}
                  | (Okawaru gifted it to you on level 4 of the Lair of Beasts)
 11531 | Lair:5   | Found a runed door.
 11532 | Lair:5   | Noticed Goofits's ghost (journeyman HaGl)
 11533 | Lair:5   | Identified the cursed +1 spear of the Three Stories
                  | {pierce, *Contam rElec rPois Stlth+}
 11560 | Lair:5   | Killed Goofits's ghost
 11736 | Lair:5   | Noticed Sonja
 11763 | Lair:5   | Killed Sonja
 11801 | Lair:5   | Noticed Kirke
 11814 | Lair:5   | Killed Kirke
 11834 | Lair:5   | Found a staircase to the Slime Pits.
 11921 | Lair:5   | Reached skill level 5 in Dodging
 12728 | Lair:6   | Entered Level 6 of the Lair of Beasts
 12914 | Lair:6   | Received a gift from Okawaru
 12917 | Lair:6   | Got a pair of jewelled boots {god gift}
 12928 | Lair:6   | Identified the +0 pair of boots "Cunougros" {rElec rPois
                  | MR- Dex-4} (Okawaru gifted it to you on level 6 of the Lair
                  | of Beasts)
 13044 | Lair:6   | Reached XP level 14. HP: 123/126 MP: 17/17
 13629 | Lair:6   | Found a large runed door.
 13630 | Lair:6   | Found a large runed door.
 14459 | Lair:2   | Killed XanderDroid's ghost
 14459 | Lair:2   | Received a gift from Okawaru
 14578 | D:10     | Entered Level 10 of the Dungeon
 14679 | D:10     | Received a gift from Okawaru
 15906 | D:12     | Noticed Nessos
 15926 | D:12     | Killed Nessos
 16117 | D:12     | Received a gift from Okawaru
 16121 | D:12     | Got a warped helmet {god gift}
 16132 | D:12     | Identified the +0 helmet "Fala" {rC+ Dex+3 Stlth+} (Okawaru
                  | gifted it to you on level 12 of the Dungeon)
 16175 | D:12     | Reached XP level 15. HP: 109/136 MP: 18/18
 16814 | D:12     | Found a staircase to the Orcish Mines.
 16944 | Orc:1    | Entered Level 1 of the Orcish Mines
 16944 | Orc:1    | Found a roughly hewn altar of Beogh.
 16976 | Orc:1    | Noticed an orc warlord
 17007 | Orc:1    | Killed an orc warlord
 17440 | Orc:2    | Entered Level 2 of the Orcish Mines
 17507 | Orc:2    | Found a staircase to the Elven Halls.
 17565 | Orc:2    | Noticed an orc warlord
 17611 | Orc:2    | Slain by an orc warlord

Vault maps used:
D:1:      eino_arrival_cavern_d
D:2:      first_ration, kennysheep_generic_room_9
D:3:      chequers_ecumenical_altar_island, uniq_grinder
D:4:      serial_shops, kennysheep_little_box, nicolae_shop_stone, uniq_natasha
D:5:      minmay_temple_entry_gardened_gates, serial_undead, serial_undead_c,
          serial_undead_f, serial_undead_a, serial_undead_c
D:7:      ebering_ghost_reflecting_pool, uniq_menkaure
D:9:      wad_woods_tower, amethyst_overflow_temple_binary
D:10:     special_room
D:11:     hangedman_feature_mirror
D:12:     kennysheep_orc_monster_closet_entryway, uniq_nessos
Temple:   regret_index_temple_chain_breaker
Lair:1:   uniq_joseph
Lair:2:   skrybe_swamp_entry_bodies, gammafunk_ghost_arena, grunt_megastairs_2,
          lemuel_fruit_fields, serial_bayou_shore_b, serial_bayou_shore_b,
          serial_bayou_shore_b
Lair:3:   minmay_snake_entry_guardpost_medium, disabler_island,
          grunt_megastairs_3
Lair:5:   nicolae_slime_entry_slimehenge, ebering_ghost_funeral_grove,
          lemuel_fruit_tree, serial_bayou_shore_a, uniq_sonja, uniq_kirke
Lair:6:   cheibrodos_lair_end_hotspot, nicolae_lair_yak_garden
Orc:1:    cheibrodos_orc_bank, basic_altar
Orc:2:    st_orc_open, nicolae_orc_sculptors_studio

Skill      XL: |  1  2  3  4  5  6  7  8  9 10 11 12 13 14 15 |
---------------+----------------------------------------------+-----
Armour         | 3 4 5 6 8 9 10 11 | 11.8
Shields        | 3 4 5 6 8 9 10 11 12 | 12.3
Fighting       | 4 5 6 8 9 10 11 12 13 | 13.6
Unarmed Combat | 3 4 5 6 7 9 10 11 13 | 13.4
Invocations    | 3 5 6 |  6.2
Dodging        | 7 |  7.8

Action                   |  1- 3 |  4- 6 |  7- 9 | 10-12 | 13-15 || total
-------------------------+-------+-------+-------+-------+-------++-------
Melee: Unarmed           |   178 |   120 |   427 |   815 |  1446 ||  2986
Invok: Heroism           |       |       |     4 |    21 |    30 ||    55
       Finesse           |       |       |       |       |     5 ||     5
Evoke: Wand              |       |       |       |     5 |    12 ||    17
  Use: Potion            |     1 |       |       |     4 |     5 ||    10
       Scroll            |       |       |     3 |    16 |     8 ||    27
 Stab: Confused          |       |       |       |     1 |       ||     1
       Petrified         |       |       |       |       |    11 ||    11
       Petrifying        |       |       |       |       |     1 ||     1
  Eat: Chunk             |     8 |    18 |    30 |   124 |   223 ||   403
Armor: Scale mail        |    42 |    53 |    32 |       |       ||   127
       Plate armour      |    25 |       |       |   332 |   245 ||   602
       Chain mail        |       |       |   197 |    20 |       ||   217
       Fire dragon scale |       |       |       |       |   215 ||   215
Dodge: Dodged            |    34 |    33 |   116 |   157 |   396 ||   736
       Deflected         |       |       |       |     1 |    11 ||    12
Block: Shield            |    64 |    74 |   211 |   392 |   821 ||  1562

Table legend:
 A = Non-vault XP
 B = Vault XP
 C = Vault XP percentage of total XP
 D = Non-vault monster count
 E = Vault monster count
 F = Vault count percentage of total count
                 A         B        C        D         E       F
            +---------+---------+-------+---------+---------+-------
      Total |   69192 |   30360 |  30.5 |     478 |     182 |  27.6
            +---------+---------+-------+---------+---------+-------
        D:1 |      32 |       0 |   0.0 |      19 |       0 |   0.0
        D:2 |      40 |       2 |   4.8 |      19 |       1 |   5.0
        D:3 |     180 |     286 |  61.4 |      29 |       1 |   3.3
        D:4 |     340 |      35 |   9.3 |      15 |       1 |   6.2
        D:5 |     588 |      99 |  14.4 |      11 |       5 |  31.2
        D:6 |     323 |       0 |   0.0 |      10 |       0 |   0.0
        D:7 |     722 |     920 |  56.0 |      24 |       2 |   7.7
        D:8 |    1151 |       0 |   0.0 |      17 |       0 |   0.0
        D:9 |    3090 |     980 |  24.1 |      41 |       6 |  12.8
       D:10 |    1485 |    1743 |  54.0 |      12 |      24 |  66.7
       D:11 |    1571 |       0 |   0.0 |      16 |       0 |   0.0
       D:12 |    8159 |    3798 |  31.8 |      45 |      47 |  51.1
     Lair:1 |    9056 |     407 |   4.3 |      35 |       1 |   2.8
     Lair:2 |    4397 |    3152 |  41.8 |      19 |      10 |  34.5
     Lair:3 |    6362 |    2467 |  27.9 |      22 |      17 |  43.6
     Lair:4 |    6046 |       0 |   0.0 |      27 |       0 |   0.0
     Lair:5 |    6469 |    5260 |  44.8 |      29 |      13 |  31.0
     Lair:6 |   13089 |   10281 |  44.0 |      37 |      32 |  46.4
      Orc:1 |    3580 |     930 |  20.6 |      26 |      22 |  45.8
      Orc:2 |    2512 |       0 |   0.0 |      25 |       0 |   0.0
            +---------+---------+-------+---------+---------+-------
